 Dungeon Crawl Stone Soup version 0.17-a0-1311-gbcbd859 (console) character file.

84 vogonpoet the Vexing (level 4, 0/24 HPs)
             Began as a Kobold Enchanter on June 8, 2015.
             Succumbed to Sigmund's poison
             ... on level 2 of the Dungeon.
             The game lasted 00:06:58 (1876 turns).

vogonpoet the Vexing (Kobold Enchanter)             Turns: 1876, Time: 00:06:58

Health: 0/24       AC:  5    Str:  6    XL:     4   Next: 74%
Magic:  5/7        EV: 15    Int: 14    God:
Gold:   78         SH:  0    Dex: 16    Spells: 3 memorised, 1 level left

rFire  . . .     SeeInvis .     a - +2 dagger
rCold  . . .     Clarity  .     l - +0 robe {MR+}
rNeg   . . .     SustAt   .     (shield restricted)
rPois  .         Gourm    .     (no helmet)
rElec  .         Spirit   .     (no cloak)
rCorr  .         Warding  .     (no gloves)
rMut   .         Stasis   .     (no boots)
MR     +....                    (no amulet)
Stlth  ++........               n - +3 ring of protection
                                e - ring of loudness (curse)

@: lethally poisoned (0 -> -14), somewhat resistant to hostile enchantments,
unstealthy
A: carnivore 3
a: no special abilities


You were on level 2 of the Dungeon.
You were very full.

You visited 1 branch of the dungeon, and saw 3 of its levels.

You collected 78 gold pieces.

Inventory:

Hand weapons
 a - a +2 dagger (weapon)
Missiles
 j - 24 poisoned needles
Armour
 b - a +1 robe
 l - a +0 robe of magic resistance (worn)
Jewellery
 e - a cursed ring of loudness (left hand)
 n - a +3 ring of protection (right hand)
Magical devices
 q - a wand of slowing (22)
Scrolls
 f - 3 scrolls of identify
 g - a scroll of teleportation
 i - 3 scrolls of immolation
Potions
 h - a potion of might {unknown}
 m - a potion of heal wounds {unknown}
 p - a potion of resistance {unknown}
 r - a potion of lignification {unknown}
Books
 c - a book of Maledictions

   Spells                             Type                      Level
   a - Corona                         Hexes                        1
   b - Ensorcelled Hibernation        Hexes/Ice                    2
   c - Confuse                        Hexes                        3
   d - Tukima's Dance                 Hexes                        3
   e - Dazzling Spray                 Conjuration/Hexes            3
Comestibles
 d - a meat ration
 o - 2 beef jerkies


   Skills:
 - Level 3.1 Short Blades
 - Level 2.4 Dodging
 - Level 4.0 Stealth
 - Level 2.0 Spellcasting
 * Level 4.6 Hexes


You had one spell level left.
You knew the following spells:

 Your Spells              Type           Power        Failure   Level  Hunger
a - Corona                Hex            ##.....      3%          1    ##.....
b - Ensorcelled Hibernat  Hex/Ice        #.....       17%         2    ###....
c - Confuse               Hex            ##......     12%         3    ####...


Dungeon Overview and Level Annotations

Branches:
Dungeon (3/15)

Altars:
Cheibriados
Fedhas

Annotations:
D:3 Sigmund


Innate Abilities, Weirdness & Mutations

You are small and have problems with some larger weapons.
You are carnivorous and can eat meat at any time.


Message History

You hit Sigmund but do no damage.
Sigmund is lightly wounded.
You feel sick.
You feel sick.
A bat comes into view.
* * * LOW HITPOINT WARNING * * *
You feel sick.
You see here a slice of pizza.
* * * LOW HITPOINT WARNING * * *
You feel sick.
You see here a hobgoblin corpse.
* * * LOW HITPOINT WARNING * * *
You feel sick.
* * * LOW HITPOINT WARNING * * *
You feel sick.
There is a stone staircase leading up here.
* * * LOW HITPOINT WARNING * * *
You feel sick.
You climb upwards.
You die...

#.##.#.............(..##.#
#.##.#)#######.####......#
#.##.#(# #.# #..###.## #.##...#
#.# #.......## #.###..# #.#
#.##.....## #.# #..# #.#
#.#.......#### #.###()#######.#
#..<..........
#.##.)........#######.......####
#.##..........#@#..........##
#.##.#.######.#.#...###...######
#.##...# ###.###.# ##### #...
#.##...# #.# #.# ####.##
#.##...# #.# #.# ##.##.##
#.##..## #+# #.# ##.#.#...
#.##..# #.# #)###....
#.##..##### #.#####†#.....
#.........### #...=....#####


There were no monsters in sight!

Vanquished Creatures
  A gnoll (D:2)
  An adder (D:2)
  3 worms (D:2)
  4 giant geckos
  5 giant cockroaches
  8 hobgoblins
  7 bats
  5 giant newts
  5 goblins (D:2)
  7 kobolds
  5 rats
51 creatures vanquished.

Notes
Turn   | Place    | Note
--------------------------------------------------------------
     0 | D:1      | vogonpoet the Kobold Enchanter began the quest for the Orb.
     0 | D:1      | Reached XP level 1. HP: 10/10 MP: 3/3
   328 | D:1      | Reached XP level 2. HP: 15/15 MP: 5/5
   344 | D:1      | Learned a level 2 spell: Ensorcelled Hibernation
   639 | D:2      | Found a snail-covered altar of Cheibriados.
   819 | D:2      | Reached XP level 3. HP: 11/19 MP: 3/6
  1200 | D:2      | Found a blossoming altar of Fedhas.
  1220 | D:2      | Reached XP level 4. HP: 24/24 MP: 7/7
  1360 | D:2      | Learned a level 3 spell: Confuse
  1853 | D:3      | Noticed Sigmund
  1875 | D:3      | HP: 1/24 [poisoned by Sigmund]
  1876 | D:2      | Succumbed to Sigmund's poison

Vault maps used:
D:1:      lemuel_arrival_river_ford, minmay_misc_feat_cross
D:2:      lemuel_upstairs_altar, cheibriados_altar_wand_db, fedhas_altar_2
D:3:      lemuel_doored_altar, lemuel_crystal_altar, first_bread,
          serial_corexii_hall, corexii_hall_statues_u, corexii_hall_statues_i,
          uniq_sigmund

Action                   |  1- 3 |  4- 6 || total
-------------------------+-------+-------++-------
Melee: Dagger            |    90 |    74 ||   164
 Cast: Ensorcelled Hiber |    11 |    11 ||    22
       Confuse           |       |     1 ||     1
  Use: Scroll            |     2 |     1 ||     3
 Stab: Sleeping          |    17 |     7 ||    24
  Eat: Chunk             |    10 |     3 ||    13
